 Dungeon Crawl Stone Soup version 0.23-a0-333-g006994f (webtiles) character file.

14212 Amnesiac the Earth Mage (level 12, -5/81 HPs)
             Began as a Ghoul Earth Elementalist on Oct 17, 2018.
             Was a High Priest of Vehumet.
             Slain by a yak (8 damage)
             ... in an ice cave.
             The game lasted 00:38:35 (12636 turns).

Amnesiac the Earth Mage (Ghoul Earth Elementalist) Turns: 12636, Time: 00:38:37

Health: -5/81      AC:  9    Str: 13    XL:     12   Next: 14%
Magic:  5/33       EV: 11    Int: 14    God:    Vehumet [*****.]
Gold:   1771       SH:  5    Dex:  9    Spells: 8/30 levels left

rFire    + . .     SeeInvis .   a - +3 dagger (venom)
rCold    + . .     Gourm    .   (no shield)
rNeg     + + +     Faith    .   f - +1 ring mail
rPois    ∞         Spirit   .   (no helmet)
rElec    .         Reflect  +   (no cloak)
rCorr    .         Harm     .   (no gloves)
MR       .....                  o - +2 pair of boots {Stlth+}
Stlth    ++........             i - +5 amulet of reflection
HPRegen  0.00/turn              G - ring of Departure {Wiz rF+}
MPRegen  0.23/turn              t - ring of magical power

@: rotting
A: rotting body, claws 1, carnivore, cold resistance 1, negative energy
resistance 3, inhibited regeneration, torment resistance, unbreathing
a: Renounce Religion


You were in an ice cave.
You worshipped Vehumet.
Vehumet was extremely pleased with you.
You were not hungry.

You visited 2 branches of the dungeon, and saw 12 of its levels.
You also visited: Ossuary, Bailey and Ice Cave.

You collected 1771 gold pieces.

Inventory:

Hand Weapons
 a - a +3 dagger of venom (weapon)
Missiles
 b - 422 stones (quivered)
Armour
 f - a +1 ring mail (worn)
 o - a +2 pair of boots of stealth (worn)
 y - a +0 shield
Jewellery
 i - a +5 amulet of reflection (around neck)
 q - an uncursed ring of protection from magic
 t - a ring of magical power (right claw)
 G - the ring of Departure (left claw) {Wiz rF+}
   (You took it off an orc priest on level 10 of the Dungeon)

   [ring of wizardry]

   It improves your spell success rate.
   It protects you from fire.
Wands
 e - a wand of acid (6)
 k - a wand of iceblast (17)
 v - a wand of random effects (26)
Scrolls
 c - 3 scrolls of enchant armour {!r}
 j - 4 scrolls of teleportation {!r}
 m - a scroll of brand weapon {!r}
 n - 5 scrolls of remove curse {!r}
 p - 3 scrolls of amnesia {!r}
 x - 3 scrolls of blinking {!r}
 A - a scroll of fog {!r}
 D - 3 scrolls of fear {!r}
Potions
 g - 2 potions of magic {!q}
 h - a potion of curing {!q}
 l - a potion of resistance {!q}
 w - 2 potions of might {!q}
 C - a potion of haste {!q}
 E - 2 potions of agility {!q}
Comestibles
 d - 18 rations


   Skills:
 - Level 2.5 Dodging
 - Level 2.1 Stealth
 + Level 9.6 Spellcasting
 - Level 0.8 Transmutations
 * Level 16.3 Earth Magic


You had 8 spell levels left.
You knew the following spells:

 Your Spells              Type           Power        Failure   Level  Hunger
a - Stone Arrow           Conj/Erth      ####..       1%          3    #......
b - Passwall              Tmut/Erth      ####....     1%          2    None
c - Sandblast             Erth           ######       1%          1    None
d - Lee's Rapid Deconstr  Erth           ######....   1%          5    #####..
e - Petrify               Tmut/Erth      ####....     2%          4    ###....
f - Iron Shot             Conj/Erth      ####......   13%         6    ######.
z - Confusing Touch       Hex            #.....       10%         1    None

Your spell library contained the following spells:

 Spells                   Type           Power        Failure   Level  Hunger
 Bolt of Fire             Conj/Fire      #.........   94%         6    ######.
 Confuse                  Hex            #.......     28%         3    #......
 Gell's Gravitas          Tloc           #.........   28%         3    #......
 Yara's Violent Unravell  Hex/Tmut       #.........   45%         5    #####..
 Metabolic Englaciation   Hex/Ice        #.........   92%         5    #####..


Dungeon Overview and Level Annotations

Branches:
Dungeon (10/15)            Temple (0/1) D:6            Lair (0/6) D:10
    Orc (2/2) D:10
    Elf: Orc:2

Altars:
Ashenzari
Cheibriados
Dithmenos
Fedhas
Gozag
Makhleb
Nemelex Xobeh
Qazlal
Sif Muna
Uskayaw
Vehumet
Xom
Zin
The Shining One

Shops:
D:7 (   D:9 :

Annotations:
D:7 exclusion: upstairs
D:9 Nib's ghost, novice MiBe
Orc:2 Josephine


Innate Abilities, Weirdness & Mutations

Your body is rotting away.
You thrive on raw meat.
You are immune to poison.
You have sharp fingernails.
You are carnivorous and can eat meat at any time.
Your flesh is cold resistant. (rC+)
You are immune to negative energy. (rN+++)
You do not regenerate when monsters are visible.
You are immune to unholy pain and torment.
You can survive without breathing.


Message History

Adjust which spell?
Okay, then.
Unknown command.
Casting: Lee's Rapid Deconstruction (safe; 1% risk of failure)
Confirm with . or Enter, or press ? or * to list all spells.
Aiming: Sandblast (safe; 1% risk of failure)
Press: ? - help, Shift-Dir - straight line, f/p - yak
Aim: a yak (moderately wounded)
The blast of sand hits the wolf.
The wolf is heavily wounded.
b - 425 stones The wolf closely misses you.
The wolf bites you.
* * * LOW HITPOINT WARNING * * *
Unknown command.
Casting: Sandblast (safe; 1% risk of failure)
Confirm with . or Enter, or press ? or * to list all spells.
Aiming: Sandblast (safe; 1% risk of failure)
Press: ? - help, Shift-Dir - straight line, f/p - yak
Aim: a yak (moderately wounded)
The blast of sand hits the wolf.
You kill the wolf!
Vehumet accepts your kill.
b - 424 stones The wolf bites you.
* * * LOW HITPOINT WARNING * * *
The wolf bites you but does no damage.
Casting: Sandblast (safe; 1% risk of failure)
Confirm with . or Enter, or press ? or * to list all spells.
Aiming: Sandblast (safe; 1% risk of failure)
Press: ? - help, Shift-Dir - straight line, f - wolf, p - yak
Aim: a wolf (heavily wounded)
The blast of sand hits the wolf.
You kill the wolf!
Vehumet accepts your kill.
You feel your power returning.
b - 423 stones The yak closely misses you.
Unknown command.
Okay, then.
You block the yak's attack.
Casting: Sandblast (safe; 1% risk of failure)
Confirm with . or Enter, or press ? or * to list all spells.
Aiming: Sandblast (safe; 1% risk of failure)
Press: ? - help, Shift-Dir - straight line, f - yak
Aim: a yak (moderately wounded)
The blast of sand hits the yak.
The yak is almost dead.
b - 422 stones The yak gores you!
* * * LOW HITPOINT WARNING * * *
The yak misses you.
Okay, then.
Okay, then.
Really quaff
h - 4 potions of curing {!q}?
You feel better. The yak gores you!
* * * LOW HITPOINT WARNING * * *
The yak barely misses you.
Really quaff
h - 3 potions of curing {!q}?
You feel better. The yak closely misses you. x2
Really quaff
h - 2 potions of curing {!q}?
You feel better. The yak gores you!
* * * LOW HITPOINT WARNING * * *
The yak gores you!
You die...

# ####.###§
###........
##..∩.....#
#.Y....#.##
#@Y#####
####


You could see 2 yaks.

Vanquished Creatures
  An orc warlord (Orc:1)
  A centaur warrior (D:9)
  A two-headed ogre (D:9)
  An unseen horror (D:10)
  An orc knight (Bailey)
  A gargoyle (D:10)
  A centaur skeleton (D:10)
  3 trolls
  3 hornets (D:8)
  5 hippogriffs
  Grinder (D:5)
  A wyvern (D:9)
  2 wraiths (D:10)
  Grum (D:8)
  A hungry ghost (D:7)
  A soldier ant (D:8)
  2 water moccasins (D:8)
  13 orc warriors
  3 sky beasts
  An eye of draining (D:9)
  6 wolves
  A necrophage (D:9)
  A phantom (D:6)
  3 centaurs
  3 ogres
  2 crocodiles
  A big kobold (D:9)
  9 bullfrogs
  A wyvern zombie (D:9)
  5 scorpions
  19 killer bees
  2 howler monkeys (D:8)
  9 crimson imps
  5 hounds
  A quasit (D:9)
  3 bullfrog zombies
  A centaur zombie (D:6)
  3 human zombies (Ossuary)
  3 jellies
  9 orc priests
  2 bullfrog skeletons
  13 orc wizards
  An iguana (D:10)
  Ijyb (D:4)
  Terence (D:2)
  7 worker ants
  2 hound zombies
  A hound skeleton (D:10)
  2 mummies (Ossuary)
  16 gnolls
  8 adders
  A howler monkey skeleton (D:7)
  2 oozes
  4 adder zombies
  4 adder skeletons
  4 worms
  2 dart slugs
  4 leopard geckos
  71 orcs
  3 giant cockroaches
  15 goblins
  8 hobgoblins
  10 jackals
  31 kobolds
  5 quokkas
  6 bats
  8 frilled lizards
  A goblin zombie (Ossuary)
  7 hobgoblin zombies (Ossuary)
  2 jackal zombies (Ossuary)
  13 kobold zombies (Ossuary)
  A leopard gecko zombie (D:8)
  6 orc zombies (Ossuary)
  2 quokka skeletons (D:9)
  6 rats
  2 rat zombies (Ossuary)
403 creatures vanquished.

Vanquished Creatures (others)
  A yak (IceCv)
  A plant (D:10)
2 creatures vanquished.

Grand Total: 405 creatures vanquished

Notes
Turn   | Place    | Note
-------+----------+-------------------------------------------
     0 | D:1      | Amnesiac the Ghoul Earth Elementalist began the quest for
                  | the Orb.
     0 | D:1      | Reached XP level 1. HP: 14/14 MP: 2/2
   132 | D:2      | Noticed Terence
   232 | D:3      | Reached XP level 2. HP: 14/20 MP: 3/3
   240 | D:3      | Learned a level 2 spell: Passwall
   319 | D:4      | Found an opulent altar of Gozag.
   619 | D:4      | Reached skill level 4 in Earth Magic
   619 | D:4      | Reached XP level 3. HP: 15/26 MP: 0/5
   679 | D:4      | Reached XP level 4. HP: 9/33 MP: 0/6
   867 | D:4      | Reached skill level 5 in Earth Magic
   867 | D:4      | Reached XP level 5. HP: 30/38 MP: 4/8
   874 | D:4      | Learned a level 5 spell: Lee's Rapid Deconstruction
  1029 | D:4      | Noticed Ijyb
  1042 | D:4      | Killed Ijyb
  1042 | D:4      | Reached XP level 6. HP: 39/45 MP: 9/9
  1082 | D:3      | Reached skill level 6 in Earth Magic
  1112 | D:5      | Entered Level 5 of the Dungeon
  1327 | D:4      | Found a hide-covered altar of Uskayaw.
  1392 | D:4      | Found a radiant altar of Vehumet.
  1397 | D:4      | Became a worshipper of Vehumet
  1517 | D:2      | Killed Terence
  1618 | D:2      | Found a faded altar of an unknown god.
  2157 | D:1      | Reached * piety under Vehumet
  2157 | D:1      | Offered knowledge of Magic Dart by Vehumet.
  2979 | D:3      | Found a glowing golden altar of the Shining One.
  3115 | D:3      | Reached XP level 7. HP: 26/50 MP: 11/11
  3172 | D:3      | Found a blossoming altar of Fedhas.
  3323 | D:4      | Reached skill level 7 in Earth Magic
  3659 | D:5      | Noticed Grinder
  3679 | D:5      | Killed Grinder
  3679 | D:5      | Reached skill level 8 in Earth Magic
  3688 | D:5      | Reached XP level 8. HP: 20/56 MP: 13/13
  3714 | D:5      | Reached ** piety under Vehumet
  3714 | D:5      | Offered knowledge of Freeze by Vehumet.
  3725 | D:5      | Found a shadowy altar of Dithmenos.
  3763 | D:5      | Reached skill level 9 in Earth Magic
  4146 | D:6      | Reached skill level 5 in Spellcasting
  4328 | D:6      | Found a staircase to the Ecumenical Temple.
  4344 | D:6      | Reached skill level 10 in Earth Magic
  4430 | D:6      | Reached XP level 9. HP: 54/62 MP: 16/16
  4472 | D:6      | Found a sparkling altar of Nemelex Xobeh.
  4592 | D:6      | Offered knowledge of Inner Flame by Vehumet.
  4991 | D:7      | Found a sand-covered staircase.
  4996 | Ossuary  | Entered an ossuary
  5024 | Ossuary  | Reached *** piety under Vehumet
  5160 | Ossuary  | Offered knowledge of Iskenderun's Mystic Blast by Vehumet.
  5337 | Ossuary  | Reached skill level 11 in Earth Magic
  5525 | D:7      | Found a burning altar of Makhleb.
  5528 | D:7      | Found a deep blue altar of Sif Muna.
  5555 | D:7      | Reached **** piety under Vehumet
  5620 | D:7      | Found a shattered altar of Ashenzari.
  5794 | D:7      | Found a stormy altar of Qazlal.
  5794 | D:7      | Found a snail-covered altar of Cheibriados.
  5885 | D:7      | Offered knowledge of Lightning Bolt by Vehumet.
  5886 | D:7      | Found a shimmering altar of Xom.
  5891 | D:7      | Noticed an angel
  5895 | D:7      | Found a glowing silver altar of Zin.
  6257 | D:7      | Reached skill level 12 in Earth Magic
  6294 | D:7      | Found Yfewna's Antique Weapon Shoppe.
  6598 | D:8      | Noticed Grum
  6604 | D:8      | Killed Grum
  6604 | D:8      | Reached XP level 10. HP: 61/69 MP: 15/19
  6675 | D:8      | Learned a level 4 spell: Petrify
  6729 | D:8      | Learned a level 3 spell: Stone Arrow
  6980 | D:8      | Reached skill level 13 in Earth Magic
  7205 | D:8      | Reached ***** piety under Vehumet
  7303 | D:8      | Offered knowledge of Iron Shot by Vehumet.
  7437 | D:8      | Learned a level 6 spell: Iron Shot
  7497 | D:8      | Found a stormy altar of Qazlal.
  7794 | D:9      | Found a transporter.
  7797 | D:9      | Learned a level 1 spell: Confusing Touch
  7822 | D:9      | Found a transporter.
  7822 | D:9      | Noticed Nib's ghost (novice MiBe)
  7824 | D:9      | Noticed a centaur warrior
  7932 | D:9      | Noticed a two-headed ogre
  8130 | D:9      | Reached skill level 14 in Earth Magic
  8216 | D:9      | Killed a two-headed ogre
  8216 | D:9      | Reached XP level 11. HP: 68/74 MP: 19/22
  8309 | D:9      | Found Coed's Book Boutique.
  8837 | D:9      | Killed a centaur warrior
  9408 | D:10     | Entered Level 10 of the Dungeon
  9726 | D:10     | Reached skill level 15 in Earth Magic
  9819 | D:10     | Found a staircase to the Lair.
  9832 | D:10     | Killed an unseen horror
  9902 | D:10     | Offered knowledge of Bolt of Magma by Vehumet.
  9959 | D:10     | Found a flagged portal.
  9968 | Bailey   | Entered a bailey
 10113 | Bailey   | Noticed an orc knight
 10686 | Bailey   | Killed an orc knight
 11021 | D:10     | Got a faintly glowing bone ring
 12113 | D:10     | Found a staircase to the Orcish Mines.
 12281 | Orc:1    | Entered Level 1 of the Orcish Mines
 12299 | Orc:1    | Identified the ring of Departure {Wiz rF+} (You took it off
                  | an orc priest on level 10 of the Dungeon)
 12358 | Orc:2    | Entered Level 2 of the Orcish Mines
 12362 | Orc:2    | Noticed Josephine
 12366 | Orc:2    | Noticed an ettin
 12372 | Orc:1    | Reached skill level 16 in Earth Magic
 12379 | Orc:1    | Offered knowledge of Bolt of Fire by Vehumet.
 12490 | Orc:1    | Noticed an orc warlord
 12506 | Orc:1    | Killed an orc warlord
 12506 | Orc:1    | Reached XP level 12. HP: 36/81 MP: 4/24
 12542 | Orc:1    | HP: 1/81 [orc warrior/cursed -3 scimitar[an orc warlord]
                  | (20)]
 12615 | Orc:1    | Found a frozen archway.
 12624 | IceCv    | Entered an ice cave
 12636 | IceCv    | HP: 3/81 [yak (14)]
 12636 | IceCv    | Slain by a yak

Vault maps used:
D:1:      lightli_arrival_noodles
D:2:      kennysheep_six_static_rooms, chequers_ecumenical_altar_simple_redux,
          minmay_misc_feat_iff, st_stairs_12, uniq_terence
D:3:      tso_altar, lemuel_coloured_pillars_altar
D:4:      overflow_temple_1_default, kennysheep_little_box, first_ration,
          nicolae_gozag_cash_rules_everything_around_me, uniq_ijyb
D:5:      nicolae_dithmenos_shadow_blocks, uniq_grinder
D:6:      lemuel_round_altar, minmay_temple_entry_statues_fountains
D:7:      grunt_temple_overflow_order_and_chaos_1, grunt_temple_overflow_open,
          nicolae_ashenzari_panopticon, serial_shops,
          nicolae_shop_overgrown_old_shop, enter_ossuary_2,
          nrook_mini_backslash, skrybe_limestone_x
D:8:      basic_altar, hangedman_pestilent_swarm, uniq_grum
D:9:      serial_shops, nicolae_shop_behind_doors, gammafunk_ghost_arena
D:10:     dpeg_oklobed_lair, hiddenorc2_lemuel, enter_bailey_7,
          grunt_ministairs_6
Orc:1:    portal_ice_cave_entry_pillars_1, bloody_makhleb
Orc:2:    st_orc_mages, serial_shops, shop_fountains, uniq_josephine
Ossuary:  ossuary_tomb_1
Bailey:   bailey_axe_1, bailey
IceCv:    ice_cave_caverns_02

Skill      XL: |  1  2  3  4  5  6  7  8  9 10 11 |
---------------+----------------------------------+-----
Dodging        | 2 |  2.5
Spellcasting   | 2 3 4 5 6 8 9 |  9.6
Earth Magic    | 4 5 6 8 10 12 14 16 | 16.3
Stealth        | |  2.1
Transmutations | |  0.8

Action                   |  1- 3 |  4- 6 |  7- 9 | 10-12 || total
-------------------------+-------+-------+-------+-------++-------
Melee: Unarmed           |    14 |       |       |       ||    14
       Dagger            |    41 |   129 |   531 |   413 ||  1114
       Mace              |       |   109 |       |       ||   109
 Cast: Sandblast         |    12 |     5 |    56 |    41 ||   114
       Passwall          |     1 |     1 |       |     5 ||     7
       Lee's Rapid Decon |       |     1 |     5 |    60 ||    66
       Petrify           |       |       |       |    13 ||    13
       Stone Arrow       |       |       |       |   120 ||   120
       Iron Shot         |       |       |       |    10 ||    10
       Confusing Touch   |       |       |       |     1 ||     1
Evoke: Wand              |       |       |       |     4 ||     4
  Use: Scroll            |     3 |     1 |    16 |     5 ||    25
       Potion            |       |       |     1 |    11 ||    12
 Stab: Sleeping          |       |     3 |     2 |       ||     5
       Distracted        |       |       |     1 |       ||     1
       Petrified         |       |       |       |     6 ||     6
  Eat: Chunk             |     5 |    22 |    31 |    80 ||   138
       Ration            |       |       |       |     3 ||     3
Armor: Ring mail         |    28 |    95 |   160 |   232 ||   515
Dodge: Dodged            |    25 |   138 |   267 |   348 ||   778
Block: Other             |    14 |    46 |   125 |   143 ||   328
       Reflection        |       |     1 |     2 |    16 ||    19

Table legend:
 A = Non-vault XP
 B = Vault XP
 C = Vault XP percentage of total XP
 D = Non-vault monster count
 E = Vault monster count
 F = Vault count percentage of total count
                 A         B        C        D         E       F
            +---------+---------+-------+---------+---------+-------
      Total |   14366 |    5938 |  29.2 |     267 |     136 |  33.7
            +---------+---------+-------+---------+---------+-------
        D:1 |      45 |       0 |   0.0 |      21 |       0 |   0.0
        D:2 |      39 |      73 |  65.2 |      13 |       8 |  38.1
        D:3 |      90 |       5 |   5.3 |      20 |       2 |   9.1
        D:4 |     393 |      36 |   8.4 |      19 |       1 |   5.0
        D:5 |     828 |     258 |  23.8 |      18 |       1 |   5.3
        D:6 |    1164 |       0 |   0.0 |      31 |       0 |   0.0
        D:7 |    1209 |       0 |   0.0 |      22 |       0 |   0.0
        D:8 |    1330 |    1670 |  55.7 |      28 |       9 |  24.3
        D:9 |    3624 |    1159 |  24.2 |      45 |       5 |  10.0
       D:10 |    3407 |    1020 |  23.0 |      28 |      37 |  56.9
      Orc:1 |    2237 |       0 |   0.0 |      22 |       0 |   0.0
    Ossuary |       0 |     216 | 100.0 |       0 |      39 | 100.0
     Bailey |       0 |    1270 | 100.0 |       0 |      32 | 100.0
      IceCv |       0 |     231 | 100.0 |       0 |       2 | 100.0
            +---------+---------+-------+---------+---------+-------
